 Seeded DCSS version 0.31.0-32-g396128a36d (webtiles) character file.

Game seed: 6704194132253165907 (custom seed)

244 Alphaeus the Ruffian (level 5, 49/49 HPs)
             Began as a Troll Shapeshifter on Mar 19, 2024.
             Quit the game on level 3 of the Dungeon.
             The game lasted 00:02:58 (2504 turns).

Alphaeus the Ruffian (Troll Shapeshifter)           Turns: 2504, Time: 00:02:59

Health: 49/49      AC:  4    Str: 24    XL:     5   Next: 83%
Magic:  4/4        EV:  9    Int:  6    God:
Gold:   166        SH:  0    Dex:  9    Spells: 4/4 levels left

rFire   . .          .
                       - Unarmed
rCold   . . .        (no shield)
rNeg    . . .        a - +0 animal skin
rPois   .            (helmet currently unavailable)
rElec   .            (cloak currently unavailable)
rCorr   .            (gloves unavailable)
SInv    .            (boots unavailable)
Will    .....        (no amulet)
Stlth   +            (no ring)
HPRegen 1.08/turn    (no ring)
MPRegen 0.09/turn

%: no passive effects
@: beast-form
A: beast (slay +2), large, unfitting armour, claws 3, regeneration 1, shaggy fur
1, tough skin 1
a: Begin Untransformation


You were on level 3 of the Dungeon.
You were a hulking beast.
You visited 1 branch of the dungeon, and saw 3 of its levels.
You also visited: Sewer.

You collected 166 gold pieces.

Inventory:

Armour
 a - a +0 animal skin (worn)
Jewellery
 t - an amulet of regeneration
Talismans
 c - a beast talisman
 d - a flux talisman
Wands
 m - a wand of roots (11)
 w - a wand of flame (3)
Scrolls
 k - 2 scrolls of identify {unknown}
 l - a scroll of enchant weapon {unknown}
 n - 2 scrolls of poison {unknown}
 o - a scroll of brand weapon {unknown}
 p - a scroll of summoning {unknown}
 r - a scroll of fog {unknown}
 s - 3 scrolls of blinking {unknown}
 v - a scroll of revelation {unknown}
Potions
 b - a potion of lignification
 e - a potion of enlightenment {unknown}
 f - 3 potions of curing
 g - a potion of cancellation {unknown}
 h - a potion of mutation {unknown}
 i - a potion of heal wounds {unknown}
 j - a potion of attraction {unknown}
 q - a potion of berserk rage {unknown}
 u - a potion of haste {unknown}


   Skills:
 + Level 2.1 Fighting
 - Level 1.5 Dodging
 * Level 4.8 Unarmed Combat
 * Level 4.4 Shapeshifting


You had 4 spell levels left.
You didn't know any spells.
Your spell library was empty.

Dungeon Overview and Level Annotations

Branches:
Dungeon (3/15)              Sewer (visited)

Altars:
Makhleb
Ru
Vehumet
The Shining One

Shops:
D:2 :


Innate Abilities, Weirdness & Mutations

You are a hulking beast.
Your limbs bulge with bestial killing power. (Slay +2)
You are too large for most types of armour.
You have claws for hands.
Your natural rate of healing is unusually fast.
You are covered in fur. (AC +1)
You have tough skin. (AC +1)


Message History

A giant cockroach comes into view.
A giant cockroach is nearby!
The giant cockroach completely misses you.
You barely miss the giant cockroach. The giant cockroach closely misses you.
You scratch the giant cockroach.
The giant cockroach is severely wounded.
The giant cockroach bites you.
You completely miss the giant cockroach.
The giant cockroach is severely wounded.
The giant cockroach bites you but does no damage.
You claw the giant cockroach!
You kill the giant cockroach!
No target in view!
No target in view!
No target in view!
No target in view!
No target in view!
Things that are here:
a +0 hand axe; an orc corpse
Things that are here:
a +0 short sword; a +0 ring mail You open the door.
There is an open door here.
Found a burning altar of Makhleb and a radiant altar of Vehumet.
Found a glowing golden altar of the Shining One.
No target in view!
Found a faded altar of an unknown god.
Found a sacrificial altar of Ru.
There is an open door here.
You see here 3 poisoned darts.
There is a stone staircase leading down here.
You see here a +0 robe.
Done exploring.
Done exploring.
There is a stone staircase leading down here.
There is an open door here.
There is a faded altar of an unknown god here.
This altar belongs to (a) Makhleb, (b) Xom or (c) Gozag, but you can't tell which.
Press the corresponding letter to learn more about a god, or press enter to convert or escape to cancel.
Okay, then.
Are you sure you want to abandon this character and quit the game? (Confirm with "yes".)

### ##_## #######
###############...#### #......
#.........##.........## #......
#.#########..##...##..####......
##.......#_..###h._###.._#.......
...#########..#######..###..[....
.........# ##.........##.........
.......).########.#####...>......
#......<.......##'##.............
#........#######..##.###.##......
#.....)..........###.# #.##......
#...........########.# #.##.....(
'....................###.##.#####


There were no monsters in sight!

Vanquished Creatures
  A crocodile (Sewer)
  An orc priest (D:3)
  An orc wizard (D:3)
  2 adders (D:3)
  4 dart slugs
  A ribbon worm (D:3)
  2 orcs (D:3)
  4 bats
  6 endoplasms
  5 giant cockroaches
  4 goblins
  6 hobgoblins
  6 jackals
  5 quokkas
  7 ball pythons
  2 frilled lizards
  6 kobolds
  7 rats
70 creatures vanquished.

Notes
Turn   | Place    | Note
-------+----------+-------------------------------------------
     0 | D:1      | Alphaeus the Troll Shapeshifter began the quest for the
                  | Orb.
     0 | D:1      | Reached XP level 1. HP: 18/18 MP: 0/0
    45 | D:1      | Reached skill level 1 in Fighting
    83 | D:1      | Reached XP level 2. HP: 26/27 MP: 1/1
   310 | D:1      | Reached XP level 3. HP: 33/33 MP: 2/2
   863 | D:2      | Found Vonagy's Book Shop.
  1756 | D:3      | Reached XP level 4. HP: 24/41 MP: 3/3
  1759 | D:3      | HP: 2/41 [poisoned by a kobold]
  2031 | D:3      | Found a glowing drain.
  2043 | Sewer    | Entered a sewer
  2112 | Sewer    | Noticed a crocodile
  2122 | Sewer    | Killed a crocodile
  2123 | Sewer    | Reached XP level 5. HP: 45/49 MP: 4/4
  2383 | D:3      | Found a burning altar of Makhleb.
  2383 | D:3      | Found a radiant altar of Vehumet.
  2389 | D:3      | Found a glowing golden altar of the Shining One.
  2391 | D:3      | Found a faded altar of an unknown god.
  2393 | D:3      | Found a sacrificial altar of Ru.
  2504 | D:3      | Quit the game

Illustrated notes

Levels and vault maps discovered:
D:1:      lightli_arrival_farm, layout_loops_ring
D:2:      layout_basic, serial_shops, shop
D:3:      layout_basic, chequers_temple_overflow_minitemple,
          gup_sewer_entry_bubbles

Skill      XL: |  1  2  3  4 |
---------------+-------------+-----
Fighting       | 1 2 |  2.1
Unarmed Combat | 4 |  4.8
Shapeshifting  | 4 |  4.4
Dodging        | |  1.5

Action                     |  1- 3 |  4- 6 || total
---------------------------+-------+-------++-------
  Melee: Unarmed           |    78 |    68 ||   146
    Use: Potion            |       |     1 ||     1
   Stab: Sleeping          |     1 |       ||     1
 Armour: Animal skin       |    61 |    69 ||   130
  Dodge: Dodged            |    44 |    41 ||    85
